Map: Turbo Cruise '84 LE

Players

Mez - Winner!

  • Race: Terran Terran
  • League: Master
  • Spawn Location: 7:00

FireFly

  • Race: Protoss Protoss
  • League: Master
  • Spawn Location: 3:00

VOD

Have the link to the VOD?

Description

Time

  • Played on: Aug. 12, 2019, 4:11 p.m.
  • Length: 10:51
Show
View Real Time Build Order
Export as new Build Order

Mez Terran - Winner!

Build Orders: Reaper Expand 

Get SALT Encoding   

  12  0:01  SCV  
  13  0:13  SCV  
  14  0:18  Supply Depot  
  14  0:25  SCV  
  15  0:40  SCV  
  15  0:41  Barracks  
  16  0:46  Refinery  
  16  0:52  SCV  
  17  1:04  SCV  
  18  1:16  SCV  
  19  1:30  Reaper, Orbital Command  
  20  1:44  Command Center  
  20  1:58  Supply Depot  
  20  2:00  SCV  
  21  2:03  Barracks Reactor  
  21  2:21  SCV  
  22  2:24  Bunker  
  22  2:34  SCV  
  23  2:38  Command Center  
  23  2:40  Marine x2  
  25  2:46  SCV  
  26  2:58  Factory, SCV  
  27  3:04  Orbital Command  
  27  3:10  SCV  
  27  3:12  Refinery  
  28  3:13  Marine x2  
  30  3:25  SCV  
  31  3:31  SCV  
  31  3:33  Marine x2  
  34  3:42  Widow Mine  
  34  3:45  SCV x2, Starport  
  38  3:51  Orbital Command  
  38  3:52  Marine  
  38  3:53  Marine  
  40  3:57  SCV x2  
  42  4:03  Widow Mine  
  42  4:08  Refinery  
  42  4:09  SCV x2  
  46  4:14  Marine x2  
  48  4:20  SCV  
  48  4:21  SCV  
  50  4:26  Starport Tech Lab, Supply Depot  
  50  4:27  Factory Tech Lab  
  50  4:34  SCV x2  
  50  4:35  SCV  
  50  4:36  Marine x2  
  55  4:46  Raven, Siege Tank, SCV  
  55  4:47  SCV x2  
  55  4:48  Supply Depot  
  63  4:54  Marine x2  
  63  4:56  Barracks  
  63  4:59  SCV x3  
  68  5:04  Barracks  
  68  5:11  SCV x3  
  64  5:22  Marine x2  
  64  5:24  Barracks  
  64  5:25  Siege Tank  
  64  5:27  SCV x2  
  64  5:28  SCV  
  70  5:39  SCV  
  70  5:40  SCV x2, Marine x2  
  70  5:41  Starport Reactor  
  75  5:43  Engineering Bay  
  75  5:44  Engineering Bay, Orbital Command  
  75  5:49  Refinery  
  75  5:51  SCV  
  75  5:52  SCV  
  77  6:08  Factory Reactor  
  77  6:09  Stimpack  
  77  6:12  Terran Infantry Armor Level 1, Terran Infantry Weapons Level 1  
  77  6:13  Supply Depot x2  
  77  6:15  Marine x2  
  77  6:16  SCV x2  
  81  6:20  Supply Depot  
  81  6:23  Supply Depot  
  81  6:25  Supply Depot  
  80  6:26  SCV  
  80  6:28  SCV x2  
  83  6:35  Medivac x2  
  83  6:36  Barracks  
  83  6:37  Barracks  
  83  6:38  SCV  
  88  6:40  SCV x2  
  88  6:42  Combat Shield, Marauder x2  
  88  6:43  Marine  
  88  6:44  Marine  
  96  6:50  SCV  
  96  6:52  SCV  
  96  6:53  Supply Depot  
  98  6:54  Supply Depot  
  98  6:56  SCV  
  98  7:01  Widow Mine  
  101  7:02  Widow Mine, SCV  
  101  7:04  SCV  
  101  7:05  Medivac x2  
  101  7:08  SCV  
  110  7:11  Refinery  
  110  7:14  SCV, Marine x2  
  110  7:15  Marauder  
  115  7:17  Supply Depot  
  115  7:18  Supply Depot  
  115  7:23  Armory  
  115  7:27  SCV x2  
  117  7:30  Supply Depot  
  117  7:31  Supply Depot  
  117  7:35  Barracks Reactor, Supply Depot  
  117  7:36  Barracks Tech Lab  
  117  7:38  Medivac x2  
  117  7:39  SCV  
  117  7:40  SCV  
  117  7:41  SCV  
  117  7:43  Supply Depot  
  124  7:49  Marine x2, Marauder x2  
  130  7:56  Missile Turret  
  130  7:58  Bunker, Missile Turret  
  130  8:01  Supply Depot x2  
  130  8:04  Refinery  
  130  8:07  Marine x2  
  130  8:08  Marauder  
  130  8:10  Widow Mine x2, Marine  
  130  8:11  Marauder  
  141  8:13  Concussive Shells  
  141  8:23  Marine x2  
  141  8:24  Marine  
  144  8:29  Marauder x2  
  148  8:40  Marine  
  148  8:41  Marine x2, Marauder  
  149  8:42  Viking x2  
  149  8:48  Barracks  
  155  8:49  Barracks x2  
  155  8:50  Marauder x2  
  138  9:08  Marine x4, Marauder  
  139  9:11  Marauder  
  139  9:12  Marauder  
  139  9:16  Viking x2  
  147  9:23  Starport  
  147  9:25  Marine  
  147  9:26  Marine x2  
  147  9:29  Marauder  
  147  9:30  SCV  
  147  9:31  Ghost Academy  
  154  9:33  Marauder  
  155  9:48  Barracks Tech Lab x3  
  155  9:52  Medivac x2  
  159  10:04  Ghost x3  
  159  10:05  Marine x3  
  168  10:09  Command Center  
  162  10:25  Marine x4, Marauder x3  
  161  10:33  Marine  
Show
View Real Time Build Order
Export as new Build Order

FireFly Protoss 

Build Orders: 1 Gate Expand, Colossus Rush 

Get SALT Encoding   

  12  0:01  Probe  
  13  0:13  Probe  
  14  0:18  Pylon  
  14  0:24  Probe  
  15  0:32  Probe  
  15  0:38  Gateway  
  15  0:40  Probe  
  16  0:48  Assimilator  
  17  0:51  Probe  
  18  1:00  Probe  
  19  1:08  Probe  
  19  1:18  Probe  
  21  1:32  Nexus  
  21  1:42  Probe  
  21  1:44  Cybernetics Core  
  22  1:53  Pylon  
  22  1:58  Probe  
  23  2:10  Assimilator  
  23  2:11  Probe  
  23  2:12  Stalker  
  24  2:17  Pylon  
  24  2:22  Warp Gate  
  25  2:25  Shield Battery  
  25  2:28  Probe  
  26  2:40  Probe  
  26  2:42  Stalker  
  28  2:53  Probe  
  28  2:56  Probe  
  30  3:01  Probe  
  31  3:08  Robotics Facility  
  31  3:10  Probe  
  32  3:13  Gateway  
  32  3:14  Gateway  
  32  3:23  Probe x2  
  34  3:27  Sentry  
  34  3:31  Pylon  
  36  3:35  Probe  
  36  3:38  Probe  
  38  3:45  Warp Prism  
  38  3:47  Probe  
  39  3:50  Probe, Pylon  
  40  3:59  Probe  
  43  4:02  Probe  
  44  4:11  Probe  
  44  4:16  Robotics Bay  
  44  4:17  Assimilator, Probe  
  45  4:20  Sentry  
  45  4:21  Zealot, Sentry  
  45  4:23  Probe  
  53  4:29  Probe  
  54  4:35  Probe, Observer, Pylon  
  55  4:41  Probe  
  57  4:46  Stalker x2  
  57  4:47  Probe  
  57  4:49  Pylon  
  62  4:54  Stalker  
  64  5:00  Probe x2  
  66  5:18  Colossus  
  56  5:30  Extended Thermal Lance  
  56  5:33  Nexus  
  56  5:35  Pylon  
  62  5:40  Zealot x3  
  62  5:42  Probe x2  
  70  5:44  Twilight Council  
  70  5:47  Forge  
  70  5:56  Probe x2, Colossus  
  72  6:03  Zealot x3, Observer  
  78  6:08  Probe x2  
  80  6:15  Charge  
  86  6:19  Protoss Ground Armor Level 1  
  86  6:31  Gateway  
  86  6:32  Gateway  
  86  6:36  Observer  
  86  6:41  Pylon x2  
  86  6:45  Probe x2  
  86  6:46  Zealot  
  86  6:47  Zealot  
  92  6:50  Zealot  
  94  6:57  Colossus  
  94  7:03  Gateway  
  94  7:04  Probe x3, Gateway  
  94  7:06  Gateway  
  102  7:33  Zealot x5  
  112  7:46  Warp Prism  
  112  7:48  Pylon  
  112  7:50  Nexus  
  114  7:51  Pylon x2  
  114  7:53  Pylon  
  114  8:07  Zealot x2  
  114  8:08  Zealot x3  
  114  8:11  Zealot x3  
  130  8:16  Protoss Ground Armor Level 2  
  130  8:17  Templar Archives  
  130  8:20  Blink  
  130  8:29  Probe x2  
  130  8:33  Probe  
  121  8:37  Probe x2  
  122  8:43  Stalker x4  
  127  9:01  Psionic Storm  
  71  9:10  Zealot x4  
  71  9:11  Zealot x4  
  85  9:22  Probe x3  
  88  9:39  High Templar x2, Photon Cannon, Probe  
  88  9:40  High Templar, Zealot x2  
  88  9:41  Zealot x2  
  88  9:43  Probe x2  
  88  9:44  Probe  
  106  9:56  High Templar  
  108  10:02  Zealot x4  
  71  10:31  Archon  
  71  10:33  Zealot x6  
  67  10:38  Zealot x2  
Tags
 
Add a new tag
Caveats
  • Supply blocks, unpowered buildings, or Contaminate may cause inaccurate times.
  • Supply counts are checked every 10 seconds.